 Dungeon Crawl Stone Soup version 0.31.0-4-g52a2dc7128 (webtiles) character file.

Game seed: 15008684010071682019

408 ymhsbmbesitwf the Chopper (level 6, 0/57 HPs)
             Began as a Minotaur Fighter on Jan 21, 2024.
             Was an Initiate of the Shining One.
             Incinerated by a bombardier beetle (1 damage)
             ... with a burning spray
             ... on level 4 of the Dungeon.
             The game lasted 00:04:16 (2713 turns).

ymhsbmbesitwf the Chopper (Minotaur Fighter)        Turns: 2713, Time: 00:04:17

Health: 0/57       AC:  9    Str: 22    XL:     6   Next: 57%
Magic:  5/5        EV:  9    Int:  5    God:    the Shining One [......]
Gold:   241        SH:  4    Dex: 10    Spells: 5/5 levels left

rFire   + . .        a - +0 war axe
rCold   + . .        c - +0 buckler
rNeg    . . .        q - +0 chain mail
rPois   +            (helmet restricted)
rElec   +            (no cloak)
rCorr   +            (no gloves)
SInv    .            (no boots)
Will    .....        (no amulet) Stlth
                     (no ring)
HPRegen 0.29/turn    (no ring)
MPRegen 0.09/turn

%: no passive effects
@: on fire, resistant, glowing
A: horns 2, retaliatory headbutt
a: Renounce Religion


You were on level 4 of the Dungeon.
You worshipped the Shining One.
The Shining One was noncommittal.
You visited 2 branches of the dungeon, and saw 5 of its levels.

You collected 241 gold pieces.

Inventory:

Hand Weapons
 a - a +0 war axe (weapon)
Missiles
 e - 4 boomerangs (quivered)
Armour
 c - a +0 buckler (worn)
 q - a +0 chain mail (worn)
Scrolls
 f - 3 scrolls of identify {unknown}
 h - a scroll of revelation {unknown}
 i - a scroll of fog {unknown}
 j - 2 scrolls of poison {unknown}
 n - 2 scrolls of teleportation {unknown}
 o - a scroll of fear {unknown}
 p - a scroll of vulnerability {unknown}
Potions
 d - a potion of might
 k - 2 potions of curing {unknown}
 l - a potion of enlightenment {unknown}
 m - a potion of berserk rage {unknown}


   Skills:
 + Level 5.8 Fighting
 * Level 5.8 Axes
 - Level 4.0 Armour
 - Level 3.0 Dodging
 - Level 4.0 Shields


You had 5 spell levels left.
You didn't know any spells.
Your spell library contained the following spells:

 Spells                   Type           Power      Damage    Failure   Level
 Magic Dart               Conj           0%         1d3       99%         1
 Blink                    Tloc           0%         N/A       99%         2
 Call Imp                 Summ           0%         N/A       99%         2
 Cause Fear               Hex            0%         N/A       100%        4
 Fireball                 Conj/Fire      0%         3d3       100%        5
 Dragon's Call            Summ           0%         N/A       100%        9


Dungeon Overview and Level Annotations

Branches:
Dungeon (4/15)             Temple (1/1) D:4

Altars:
Cheibriados
Dithmenos
Elyvilon
Fedhas
Gozag
Hepliaklqana
Kikubaaqudgha
Nemelex Xobeh
Ru
Uskayaw
Xom
Yredelemnul
Zin
The Shining One

Shops:
D:3 (


Innate Abilities, Weirdness & Mutations

You have a pair of horns on your head.
You reflexively headbutt those who attack you in melee.


Message History

Your headbutt misses the bombardier beetle.
The liquid fire burns you!
You hit the bombardier beetle but do no damage.
You headbutt the bombardier beetle.
The bombardier beetle is lightly wounded.
The liquid fire burns you!
You block the bombardier beetle's attack.
You hit the bombardier beetle but do no damage.
The bombardier beetle is lightly wounded.
The liquid fire burns you!
The bombardier beetle bites you but does no damage.
You slash the bombardier beetle!
The bombardier beetle is almost dead.
The liquid fire burns you!
* * * LOW HITPOINT WARNING * * *
The bombardier beetle bites you but does no damage.
You hit the bombardier beetle.
You kill the bombardier beetle!
The liquid fire burns you!
* * * LOW HITPOINT WARNING * * *
You barely miss the ribbon worm. You headbutt the ribbon worm.
The ribbon worm is moderately wounded.
The liquid fire burns you!
* * * LOW HITPOINT WARNING * * *
The ribbon worm closely misses you. You furiously retaliate!
You headbutt the ribbon worm.
You hit the ribbon worm but do no damage.
The ribbon worm is moderately wounded.
The liquid fire burns you!
* * * LOW HITPOINT WARNING * * *
The ribbon worm bites you but does no damage.
You barely miss the ribbon worm.
The ribbon worm is lightly wounded.
The liquid fire burns you!
* * * LOW HITPOINT WARNING * * *
The ribbon worm closely misses you.
It was a potion of resistance.
You feel protected. The liquid fire burns you!
You die...

.............# ....
.............# .......#
.............#### ......###.
......### #....# ..........
......# #....# #'#.........
...[..#### #....###.#.........
.........# #....))[......#....
.........###..#8w8#...........
..............8.@)8...........
..............8.>.8........#..
........#.....8...8........#
........#.....#888#........#
........#.....#............#
........#..................#
...........................#
...........................
...#?......


You could see a ribbon worm.

Vanquished Creatures
  3 howler monkeys (D:4)
  A hound (D:4)
  A bombardier beetle (D:4)
  Jessica (D:2)
  2 iguanas
  5 gnolls
  2 adders (D:2)
  4 dart slugs
  2 ribbon worms (D:2)
  2 orcs (D:4)
  12 ball pythons
  4 endoplasms
  4 giant cockroaches
  3 goblins
  6 hobgoblins
  3 jackals (D:1)
  3 quokkas
  9 bats
  A frilled lizard (D:3)
  8 kobolds
  5 rats
81 creatures vanquished.

Notes
Turn   | Place    | Note
-------+----------+-------------------------------------------
     0 | D:1      | ymhsbmbesitwf the Minotaur Fighter began the quest for the
                  | Orb.
     0 | D:1      | Reached XP level 1. HP: 19/19 MP: 0/0
   219 | D:1      | Reached XP level 2. HP: 27/27 MP: 1/1
   565 | D:1      | Reached XP level 3. HP: 33/33 MP: 2/2
   608 | D:1      | Found a faded altar of an unknown god.
   874 | D:2      | Reached skill level 1 in Dodging
  1055 | D:2      | Reached XP level 4. HP: 32/41 MP: 3/3
  1172 | D:2      | Noticed Jessica
  1176 | D:2      | Killed Jessica
  1646 | D:3      | Found a snail-covered altar of Cheibriados.
  1691 | D:3      | Found Ymeajoh's Weapon Shop.
  1853 | D:3      | Found a glowing golden altar of the Shining One.
  1857 | D:3      | Became a worshipper of the Shining One
  2389 | D:4      | Found an opulent altar of Gozag.
  2452 | D:4      | Found a staircase to the Ecumenical Temple.
  2459 | D:4      | Reached skill level 5 in Fighting
  2459 | D:4      | Reached XP level 5. HP: 48/48 MP: 4/4
  2466 | Temple   | Entered the Ecumenical Temple
  2528 | D:4      | Reached skill level 5 in Axes
  2528 | D:4      | Reached XP level 6. HP: 41/56 MP: 5/5
  2712 | D:4      | HP: 1/57 [burnt (4)]
  2713 | D:4      | Incinerated by a bombardier beetle

Illustrated notes

Levels and vault maps discovered:
D:1:      scummos_arrival_simple_crosswalls, layout_loops_corners,
          dreamdust_ecumenical_altar_grove
D:2:      layout_basic, amcnicky_mini_corridor_feature, minmay_ruptured,
          uniq_jessica
D:3:      layout_loops_ring, mainiacjoe_overflow_catwalk,
          nicolae_tso_carved_into_rock, serial_shops, shop,
          chequers_serial_rivers_large_b
D:4:      layout_basic, nicolae_overflow_two_pavilions,
          nicolae_gozag_cash_rules_everything_around_me,
          minmay_temple_entry_statues, st_stairs_6, minmay_circle_x
Temple:   minmay_freezing_vapour_temple

Skill      XL: |  1  2  3  4  5  6 |
---------------+-------------------+-----
Fighting       | 4 5 |  5.8
Axes           | 3 4 5 |  5.8
Armour         | 4 |  4.0
Dodging        | 1 2 3 |  3.0
Shields        | 4 |  4.0

Action                     |  1- 3 |  4- 6 || total
---------------------------+-------+-------++-------
  Melee: War axe           |    61 |   121 ||   182
         Headbutt          |     4 |    17 ||    21
    Use: Potion            |       |     1 ||     1
 Armour: Scale mail        |    35 |    36 ||    71
         Chain mail        |       |    47 ||    47
  Dodge: Dodged            |    27 |    52 ||    79
  Block: Buckler           |    16 |    32 ||    48
